 Dungeon Crawl Stone Soup version 0.21-a0-1-gaf3b9a5 (webtiles) character file.

527 turnburgler the Ruffian (level 7, -1/70 HPs)
             Began as a Troll Monk on May 20, 2017.
             Was an Elder of Cheibriados.
             Slain by an orc wizard
             ... wielding a +0 dagger
              (2 damage)
             ... on level 4 of the Dungeon.
             The game lasted 00:14:05 (2796 turns).

turnburgler the Ruffian (Troll Monk)                Turns: 2796, Time: 00:14:05

Health: -1/70      AC:  5    Str: 30    XL:     7   Next: 2%
Magic:  6/6        EV: 13    Int: 16    God:    Cheibriados [****..]
Gold:   149        SH:  0    Dex: 24    Spells: 6/6 levels left

rFire    . . .     SeeInvis .     - Unarmed
rCold    . . .     Gourm    +   (no shield)
rNeg     . . .     Faith    .   q - +0 robe
rPois    .         Spirit   .   (helmet restricted)
rElec    .         Reflect  .   (no cloak)
rCorr    .         Harm     .   (gloves unavailable)
MR       .....                  (boots unavailable)
Stlth    ++........             (no amulet)
Regen    0.7/turn               (no ring)
MPRegen  0.1/turn               (no ring)

@: very slow
A: unfitting armour, claws 3, fast metabolism 3, gourmand, regeneration 1,
shaggy fur 1, tough skin 2
a: Bend Time, Temporal Distortion, Slouch, Renounce Religion


You were on level 4 of the Dungeon.
You worshipped Cheibriados.
Cheibriados was greatly pleased with you.
You were very full.

You visited 1 branch of the dungeon, and saw 4 of its levels.

You collected 149 gold pieces.

Inventory:

Hand Weapons
 t - a cursed -1 flail
Missiles
 o - 5 javelins (quivered)
 p - 3 javelins of returning
Armour
 a - a +0 robe
 q - a +0 robe (worn)
Jewellery
 c - an uncursed ring of protection from magic {unknown}
 e - an uncursed ring of protection from magic {unknown}
Wands
 s - a wand of polymorph (10/24)
Scrolls
 f - 3 scrolls of identify {unknown}
 i - a scroll of remove curse {unknown}
 j - 2 scrolls of fear {unknown}
 l - a scroll of recharging {unknown}
 r - a scroll of amnesia {unknown}
Potions
 h - a potion of cancellation
 n - a potion of degeneration {unknown}
Books
 m - a book of Misfortune

   Spells                             Type                      Level
   a - Confusing Touch                Hexes                        1
   b - Confuse                        Hexes                        3
   c - Gell's Gravitas                Translocation                3
   d - Petrify                        Transmutation/Earth          4
   e - Metabolic Englaciation         Hexes/Ice                    5
   f - Yara's Violent Unravelling     Hexes/Transmutation          5
Comestibles
 b - 4 bread rations
 d - a meat ration
 g - 3 fruits
 k - 2 royal jellies


   Skills:
 * Level 4.0 Fighting
 * Level 4.2 Dodging
 + Level 1.8 Stealth
 * Level 4.9 Unarmed Combat


You had 6 spell levels left.
You didn't know any spells.

Dungeon Overview and Level Annotations

Branches:
Dungeon (4/15)
 Temple: D:4-7

Altars:
Cheibriados
Fedhas
Xom


Innate Abilities, Weirdness & Mutations

You are too large for most types of armour.
You have claws for hands.
Your metabolism is lightning-fast.
You like to eat raw meat.
Your natural rate of healing is unusually fast.
You are covered in fur. (AC +1)
You have very tough skin. (AC +2)


Message History

A magic dart appears from out of thin air!
The magic dart hits you! Something barely misses you.
A magic dart appears from out of thin air!
The magic dart hits you!
You claw the orc!
You kill the orc!
Cheibriados appreciates the change of pace.
Something hits you. Something hits you but does no damage.
You scratch the orc priest but do no damage.
The orc priest calls down the wrath of Beogh upon you.
Pain shoots through your body!
* * * LOW HITPOINT WARNING * * *
Something hits you but does no damage.
The orc priest calls down the wrath of Beogh upon you.
Beogh smites you!
* * * LOW HITPOINT WARNING * * *
Something hits you.
You die...

#.≈≈≈≈.#
##o≈≈≈≈≈# ..
#..≈≈.K.# ##
#.P.... #....#
#.)#########
#...(..o.oo#
#....########{#
##### #@# #.#
#.# #.# #.# #.#
########## #.#
......./.# #.#
########.## #.#


You could see an orc priest and an orc.

Vanquished Creatures
  A phantom (D:4)
  A big kobold (D:4)
  A scorpion (D:4)
  3 centaur zombies (D:4)
  A bullfrog skeleton (D:4)
  An iguana (D:4)
  2 worker ants
  A hound zombie (D:4)
  3 adders
  An ooze (D:4)
  An adder zombie (D:4)
  An adder skeleton (D:4)
  2 dart slugs
  3 leopard geckos
  7 orcs
  9 bats
  6 giant cockroaches
  9 goblins
  A hobgoblin (D:1)
  4 jackals (D:4)
  A ball python (D:1)
  3 frilled lizards
  A giant cockroach zombie (D:4)
  4 kobolds
  A leopard gecko zombie (D:4)
  2 quokka skeletons (D:4)
  10 rats
80 creatures vanquished.

Notes
Turn   | Place    | Note
-------+----------+-------------------------------------------
     0 | D:1      | turnburgler the Troll Monk began the quest for the Orb.
     0 | D:1      | Reached XP level 1. HP: 22/22 MP: 0/0
   230 | D:1      | Reached XP level 2. HP: 29/29 MP: 1/1
   883 | D:2      | Reached XP level 3. HP: 34/36 MP: 2/2
  1180 | D:2      | Found a blossoming altar of Fedhas.
  1240 | D:2      | Found a faded altar of an unknown god.
  1243 | D:2      | Became a worshipper of Cheibriados the Contemplative
  1243 | D:2      | Reached * piety under Cheibriados
  1243 | D:2      | Reached ** piety under Cheibriados
  1483 | D:2      | Reached *** piety under Cheibriados
  1869 | D:3      | Reached XP level 4. HP: 45/45 MP: 3/3
  2429 | D:4      | Found a shimmering altar of Xom.
  2470 | D:4      | Noticed a phantom
  2472 | D:4      | Reached **** piety under Cheibriados
  2495 | D:4      | Reached XP level 5. HP: 18/53 MP: 4/4
  2512 | D:4      | Reached XP level 6. HP: 30/61 MP: 5/5
  2776 | D:4      | Reached XP level 7. HP: 50/70 MP: 6/6
  2796 | D:4      | HP: 1/70 [orc priest/divine providence (14)]
  2796 | D:4      | Slain by an orc wizard

Vault maps used:
D:1:      minmay_arrival_diagonal_passages
D:2:      fedhas_altar_3, first_bread, chequers_ecumenical_altar_grove
D:3:      serial_forest, infiniplex_forest_lined_3_way,
          infiniplex_forest_corner_1, infiniplex_forest_clump_cross,
          infiniplex_forest_lined_corner, infiniplex_forest_clump_double,
          kennysheep_generic_room_5
D:4:      serial_undead, serial_undead_e, serial_undead_f, serial_undead_d,
          serial_undead_d, xom_teletrap_fun

Skill      XL: |  1  2  3  4  5  6 |
---------------+-------------------+-----
Fighting       | 3 4 |  4.0
Dodging        | 3 4 |  4.2
Unarmed Combat | 4 |  4.9
Stealth        | |  1.8

Action                   |  1- 3 |  4- 6 |  7- 9 || total
-------------------------+-------+-------+-------++-------
Melee: Unarmed           |   102 |    83 |     7 ||   192
       Punch             |     2 |     2 |       ||     4
  Use: Potion            |       |     2 |       ||     2
 Stab: Sleeping          |     3 |     2 |       ||     5
  Eat: Chunk             |    16 |    10 |       ||    26
Armor: Robe              |    57 |    15 |     3 ||    75
       Skin              |       |     7 |       ||     7
Dodge: Dodged            |    55 |    46 |     3 ||   104
